 Dungeon Crawl Stone Soup version 0.27-a0-445-gbe96e517c0 (webtiles) character file.

Game seed: 18269796420434211907

277 Chiseanne the Covered (level 6, 47/47 HPs)
             Began as a Demonspawn Wanderer on Feb 27, 2021.
             Quit the game on level 3 of the Dungeon.
             The game lasted 00:03:49 (3492 turns).

Chiseanne the Covered (Demonspawn Wanderer)         Turns: 3492, Time: 00:03:50

Health: 47/47      AC:  7    Str: 15    XL:     6   Next: 4%
Magic:  6/6        EV: 10    Int: 11    God:
Gold:   183        SH:  0    Dex: 14    Spells: 5/5 levels left

rFire    . . .     SeeInvis .   a - +2 short sword (venom)
rCold    . . .     Faith    .   (no shield)
rNeg     . . .     Spirit   .   i - +0 scale mail
rPois    .         Reflect  .   (no helmet)
rElec    .         Harm     .   (no cloak)
rCorr    .         Rampage  .   (no gloves)
Will     .....                  (no boots)
Stlth    ..........             (no amulet)
HPRegen  0.15/turn              (no ring)
MPRegen  0.10/turn              (no ring)

@: no status effects
A: claws 1, spiny 2
a: no special abilities


You were on level 3 of the Dungeon.
You visited 1 branch of the dungeon, and saw 3 of its levels.

You collected 183 gold pieces.

Inventory:

Hand Weapons
 a - a +2 short sword of venom (weapon)
 s - a +0 war axe
 t - a +1 vorpal flail
Missiles
 f - a throwing net (quivered)
 g - 17 poisoned darts
 h - 104 arrows
 j - 55 stones
 r - 44 sling bullets
Armour
 e - a +2 robe of resistance
 i - a +0 scale mail (worn)
Scrolls
 m - 2 scrolls of identify
Potions
 b - a potion of haste
 d - a potion of curing
 k - a potion of ambrosia {unknown}
 l - a potion of attraction {unknown}
 o - a potion of experience {unknown}
 p - a potion of lignification


   Skills:
 * Level 3.3 Fighting
 - Level 1.0 Maces & Flails
 * Level 4.7 Armour
 * Level 3.0 Dodging
 - Level 1.0 Stealth
 - Level 3.0 Conjurations
 - Level 1.0 Evocations


You had 5 spell levels left.
You didn't know any spells.
Your spell library contained the following spells:

 Spells                   Type           Power        Failure   Level
 Magic Dart               Conj           24%          36%         1
 Blink                    Tloc           N/A          88%         2
 Call Imp                 Summ           0%           88%         2
 Slow                     Hex            0%           88%         2
 Conjure Flame            Conj/Fire      3%           90%         3
 Mephitic Cloud           Conj/Pois/Air  2%           94%         3


Dungeon Overview and Level Annotations

Branches:
Dungeon (3/15)

Altars:
Zin

Annotations:
D:3 1 runed translucent door, Chiseanne's ghost, amateur DsWn


Innate Abilities, Weirdness & Mutations

You have sharp fingernails.
You are mostly covered in sharp spines.


Message History

You barely miss the bat. The bat is struck by your spines.
The bat hits you but does no damage.
You puncture the giant cockroach!
You kill the giant cockroach!
The bat is struck by your spines.
You kill the bat!
The goblin is struck by your spines.
You kill the goblin!
Found a scroll of identify.
No target in view!
No target in view!
No target in view!
No target in view!
No target in view!
No target in view!
No target in view!
No target in view!
No target in view!
No target in view!
No target in view!
No target in view!
No target in view!
No target in view!
No target in view!
No target in view!
No target in view!
m - 2 scrolls of identify (gained 1)
You enter the shallow water.
Moving in this stuff is going to be slow.
Chiseanne's ghost turns its malevolent gaze towards you.
A hobgoblin comes into view. It is wielding a +0 club.
The hobgoblin moves out of view.
Blink to where?
Press: ? - help, Dir - move target
As you read the scroll labelled BOPRID TILLI, it crumbles to dust.
It was a scroll of blinking.
As you read the scroll labelled WISSIPOEWY, it crumbles to dust.
The air around you briefly surges with heat, but it dissipates.
It was a scroll of immolation.
Are you sure you want to abandon this character and quit the game? (Confirm with "yes".)

###..##⌠##......##.#.###
#...##...##........#...#
#..##...$.##.###.#####..
##########..#⌠.!♣!.⌠#.# #...#...#
............##.....##.#####.#.###
.#####.####..##...##......[...#
.#####.#####..##W##...######.##
.##............#+#...>.......#
.##.##.######...@..#########†#
.....#.# #.#.§.## ##.## .......#
#.....# #...# #.##.### #####.#
#...# #..#.# ###.#### #...#
#...## ...#......### #...# ≈≈≈≈#
.............####...### #...##
..#.#...#..#..........) ##.#.# #
#...#..............


You could see Chiseanne's ghost.

Vanquished Creatures
  2 orc priests (D:2)
  A hound (D:2)
  Jessica (D:2)
  An orc wizard (D:2)
  6 adders
  A worm (D:2)
  4 dart slugs
  A leopard gecko (D:2)
  8 orcs
  6 giant cockroaches
  2 goblins (D:3)
  5 hobgoblins
  3 jackals (D:3)
  A quokka (D:2)
  A ball python (D:2)
  10 bats
  3 frilled lizards
  9 kobolds
  9 rats
74 creatures vanquished.

Notes
Turn   | Place    | Note
-------+----------+-------------------------------------------
     0 | D:1      | Chiseanne the Demonspawn Wanderer began the quest for the
                  | Orb.
     0 | D:1      | Chiseanne set off with the following items: a +2 dagger, a
                  | potion of haste, a +0 mace, a potion of curing, a +0 robe
     0 | D:1      | Reached XP level 1. HP: 13/13 MP: 1/1
   733 | D:1      | Reached skill level 1 in Fighting
  1273 | D:2      | Gained mutation: You are partially covered in sharp spines.
                  | [demonic ancestry]
  1273 | D:2      | Reached XP level 2. HP: 20/21 MP: 2/2
  1302 | D:2      | Reached skill level 1 in Dodging
  1687 | D:2      | Noticed Jessica
  1698 | D:2      | Reached XP level 3. HP: 5/26 MP: 3/3
  1717 | D:2      | HP: 1/27 [Jessica/nerve-wracking pain (12)]
  1719 | D:2      | Killed Jessica
  1720 | D:2      | Reached skill level 4 in Armour
  1720 | D:2      | Reached XP level 4. HP: 1/33 MP: 4/4
  2243 | D:2      | Found a glowing silver altar of Zin.
  2367 | D:2      | Gained mutation: You are mostly covered in sharp spines.
                  | [demonic ancestry]
  2367 | D:2      | Reached XP level 5. HP: 12/39 MP: 5/5
  2955 | D:3      | Noticed Chiseanne's ghost (amateur DsWn)
  2958 | D:3      | Found a runed translucent door.
  3236 | D:3      | Gained mutation: You have sharp fingernails. [demonic
                  | ancestry]
  3236 | D:3      | Reached XP level 6. HP: 47/47 MP: 6/6
  3492 | D:3      | Quit the game

Illustrated notes

Levels and vault maps discovered:
D:1:      lemuel_arrival_lava_pool, layout_basic, serial_bayou_pond_d
D:2:      cheibrodos_pilgrimage, layout_rooms, zin_academy, uniq_natasha,
          uniq_jessica
D:3:      layout_loops_cross, hellmonk_ghost_happy_afterlife,
          amcnicky_mini_corridor_feature, chequers_serial_rivers_micro_b

Skill      XL: |  1  2  3  4  5 |
---------------+----------------+-----
Fighting       | 1 2 3 |  3.3
Dodging        | 1 2 3 |  3.0
Armour         | 4 |  4.7
Maces & Flails | |  1.0
Stealth        | |  1.0
Conjurations   | |  3.0
Evocations     | |  1.0

Action                   |  1- 3 |  4- 6 || total
-------------------------+-------+-------++-------
Melee: Dagger            |    70 |    53 ||   123
       Short sword       |       |    35 ||    35
  Use: Scroll            |     1 |     5 ||     6
       Potion            |     2 |       ||     2
 Stab: Sleeping          |     1 |       ||     1
Armor: Robe              |    12 |       ||    12
       Scale mail        |    21 |    37 ||    58
Dodge: Dodged            |    35 |    34 ||    69

Table legend: (Time is in decaauts)
 A = Elapsed time spent in this place.
 B = Non-inter-level travel time spent in this place.
 C = Inter-level travel time spent in this place.
 D = Time resting spent in this place.
 E = Time spent auto-exploring this place.
 F = Levels seen in this place.
 G = Mean time per level.
                   A        B        C        D        E       F      G
               +--------+--------+--------+--------+--------+-----+--------+
         Total |   3498 |   3448 |     50 |   1015 |   2053 |   3 | 1166.0 |
       Dungeon |   3498 |   3448 |     50 |   1015 |   2053 |   3 | 1166.0 |
               +--------+--------+--------+--------+--------+-----+--------+

Top non-repeatable levels by time:
     D:2: 1691 daAuts
     D:1: 1254 daAuts
     D:3: 553 daAuts
